 Dungeon Crawl Stone Soup version 0.30-a0-160-gcfceee88d3 (webtiles) character file.

Game seed: 7909794800267569909

140 qw the Chopper (level 5, -2/32 HPs)
             Began as a Gargoyle Fighter on Sept 27, 2022.
             Slain by a gnoll
             ... wielding a +0 spear
              (3 damage)
             ... on level 4 of the Dungeon.
             The game lasted 00:00:41 (2119 turns).

qw the Chopper (Gargoyle Fighter)                   Turns: 2119, Time: 00:00:41

Health: -2/32      AC: 22    Str: 21    XL:     5   Next: 23%
Magic:  5/5        EV:  5    Int:  9    God:
Gold:   204        SH:  4    Dex:  9    Spells: 4/4 levels left

rFire   . . .      SeeInvis .    Y - +0 war axe (protect)
rCold   . . .      Faith    .    c - +0 buckler
rNeg    + . .      Spirit   .    h - +0 plate armour
rPois   inf        Reflect  .    (no helmet)
rElec   +          Harm     .    (no cloak)
rCorr   .          Rampage  .    (no gloves)
Will    .....                    (no boots)
Stlth   ..........               (no amulet)
HPRegen 0.10/turn                (no ring)
MPRegen 0.09/turn                (no ring)

@: under a protective aura
A: sickness immunity, AC +4, negative energy resistance 1, electricity
resistance, torment resistance 1, petrification resistance
a: no special abilities


You were on level 4 of the Dungeon.
You visited 1 branch of the dungeon, and saw 4 of its levels.

You collected 204 gold pieces.


Innate Abilities, Weirdness & Mutations

You are immune to sickness and miasma.
Your stone body is resilient. (AC +4)
You are immune to poison.
You resist negative energy. (rN+)
You are resistant to electric shocks. (rElec)
You are resistant to unholy torment.
You are immune to petrification.


   Skills:
 - Level 3.2 Fighting
 + Level 4.8 Axes
 - Level 3.2 Armour
 - Level 3.2 Shields


You had 4 spell levels left.
You didn't know any spells.
Your spell library was empty.

Inventory:

Hand Weapons
 f - a +0 whip
 Y - a +0 war axe of protection (weapon)
Missiles
 e - 4 boomerangs (quivered)
Armour
 c - a +0 buckler (worn)
 h - a +0 plate armour (worn)
Scrolls
 a - a scroll of identify
Potions
 b - a potion of curing
 d - a potion of might
 g - a potion of attraction
 i - 2 potions of resistance
 k - a potion of berserk rage {unknown}
 m - a potion of degeneration {unknown}
 n - a potion of haste {unknown}

Dungeon Overview and Level Annotations

Branches:
Dungeon (4/15)
 Temple: D:4-7

Altars:
Sif Muna

Annotations:
D:4 Natasha


Message History

Natasha casts a spell at you. You resist with some effort.
The orc priest looks encouraged for a moment.
The orc barely misses you. The goblin hits you but does no damage.
The gnoll hits you but does no damage. Natasha claws you but does no damage.
The howler monkey hits you but does no damage.
You barely miss Natasha.
Natasha is severely wounded.
You hit the orc. You slash the howler monkey! You slash the goblin!
You kill the goblin!
The gnoll closely misses you. The orc hits you but does no damage.
The orc barely misses you.
The howler monkey hits you but does no damage.
Natasha stares at you and mumbles some strange words.
The magic dart hits you but does no damage.
The orc closely misses you. The orc hits you but does no damage.
The gnoll hits you from afar with a +0 spear.
You hit Natasha.
Natasha is almost dead.
You slash the howler monkey! You hit the orc but do no damage.
The howler monkey hits you but does no damage.
Natasha barely misses you. The orc hits you with a +0 war axe.
The orc hits you from afar with a +0 trident.
An endoplasm comes into view.
The gnoll hits you but does no damage. The howler monkey barely misses you.
Natasha claws you but does no damage.
You closely miss the howler monkey.
The howler monkey is almost dead.
You closely miss the orc. You barely miss Natasha. You closely miss the orc.
The howler monkey hits you but does no damage.
The orc hits you but does no damage. x3; The gnoll hits you but does no damage.
Natasha claws you but does no damage.
You closely miss the howler monkey.
The howler monkey is almost dead.
You barely miss Natasha. You slash the orc!
You kill the orc!
You hit the orc but do no damage.
The howler monkey hoots and howls with incredible vigour!
The gnoll hits you from afar with a +0 spear.
You die...

.........
........# # .
........# .# ..
........##.# ...
#.......#.#....
.##...g.......J.
#..$...))hw.....
#.o<@)......
#..oh)......
#.oo........
.>...........
.............$.
......####......
...### #..##.
... ..#


You could see a worm, a howler monkey (catching breath), an orc priest, Natasha,
a gnoll, 3 orcs and an endoplasm.

Vanquished Creatures
  6 adders (D:3)
  3 gnolls (D:4)
  A dart slug (D:1)
  5 orcs (D:4)
  5 endoplasms
  2 giant cockroaches
  3 goblins
  5 hobgoblins
  3 quokkas
  4 ball pythons
  5 bats
  4 frilled lizards
  2 kobolds
  7 rats
55 creatures vanquished.

Vanquished Creatures (others)
  A plant (D:1)
1 creature vanquished.

Grand Total: 56 creatures vanquished

Notes
Turn   | Place    | Note
-------+----------+-------------------------------------------
     0 | D:1      | qw the Gargoyle Fighter began the quest for the Orb.
     0 | D:1      | Reached XP level 1. HP: 14/14 MP: 1/1
     0 | D:1      | 0 ||| qw: Version: 0.2-a-10-g37ed214
     0 | D:1      | 0 ||| qw: Game counter: 614
     0 | D:1      | 0 ||| qw: Always use a shield: true
     0 | D:1      | 0 ||| qw: God list: Okawaru
     0 | D:1      | 0 ||| qw: Allow faded altars: false
     0 | D:1      | 0 ||| qw: Do Orc after D:15 true
     0 | D:1      | 0 ||| qw: Do second Lair branch before Depths: true
     0 | D:1      | 0 ||| qw: Lair rune preference: random
     0 | D:1      | 0 ||| qw: Plans: Normal, Zot:1-4, God:TSO, Crypt, Tomb,
                  | Pan, Slime:5, Hells, Abyss, Orb
     0 | D:1      | 0 ||| PLANNING D:1-11
    46 | D:1      | Reached skill level 2 in Axes
   434 | D:1      | Reached XP level 2. HP: 19/19 MP: 2/2
   552 | D:1      | 552 ||| Stepping ~*~*~tactically~*~*~ (hiding).
   907 | D:1      | 907 ||| UPGRADING to +0 plate armour.
   917 | D:1      | 917 ||| DROPPING +0 scale mail.
   918 | D:1      | 918 ||| READING scroll labelled EKHORAU JECE.
   955 | D:1      | 955 ||| READING scroll labelled BYLUCU QOPN.
   984 | D:2      | Reached skill level 3 in Axes
  1033 | D:2      | Reached XP level 3. HP: 23/23 MP: 3/3
  1218 | D:2      | Found a shimmering blue altar of Sif Muna.
  1340 | D:2      | 1340 ||| DROPPING orb of energy.
  1341 | D:2      | 1341 ||| READING 2 scrolls labelled DEILIBBIOJ.
  1342 | D:2      | 1342 ||| READING scroll labelled CUENEY ADGHUTOC.
  1343 | D:2      | 1343 ||| READING scroll labelled XYOVYM UCSI.
  1344 | D:2      | 1344 ||| DRINKING 3 viscous puce potions.
  1369 | D:3      | 1369 ||| STAIRDANCE
  1487 | D:3      | Reached XP level 4. HP: 28/28 MP: 4/4
  1642 | D:3      | Reached skill level 4 in Axes
  2088 | D:3      | 2088 ||| DROPPING scarf of harm.
  2089 | D:3      | 2089 ||| READING scroll labelled YMAJIUNUSI.
  2090 | D:3      | 2090 ||| READING scroll labelled BEJEES LUNUFF.
  2091 | D:3      | 2091 ||| READING scroll labelled GINYTI TUAMP.
  2092 | D:3      | 2092 ||| READING 3 scrolls of identify.
  2092 | D:3      | 2092 ||| IDENTIFYING clear potion
  2093 | D:3      | 2093 ||| READING 2 scrolls of identify.
  2093 | D:3      | 2093 ||| IDENTIFYING viscous red potion
  2102 | D:4      | Noticed Natasha
  2112 | D:4      | Reached XP level 5. HP: 16/32 MP: 5/5
  2113 | D:4      | HP: 8/32 [gnoll/+0 club (1)]
  2117 | D:4      | HP: 1/32 [orc/+0 trident (5)]
  2119 | D:4      | Slain by a gnoll

Levels and vault maps discovered:
D:1:      eino_arrival_water_cross, layout_basic
D:2:      layout_rooms, basic_altar
D:3:      layout_basic, serial_glass, glass_columns_a, glass_columns_a,
          due_unseen_surprise
D:4:      layout_cave_pools, hangedman_abyss_or_decor_stabs, uniq_natasha,
          uniq_robin

Skill      XL: |  1  2  3  4 |
---------------+-------------+-----
Axes           | 2 3 4 |  4.8
Fighting       | |  3.2
Armour         | |  3.2
Shields        | |  3.2

Action                   |  1- 3 |  4- 6 || total
-------------------------+-------+-------++-------
Melee: War axe           |    51 |    53 ||   104
Throw: Boomerang         |    45 |    10 ||    55
  Use: Scroll            |     5 |     5 ||    10
       Potion            |     1 |       ||     1
Armor: Scale mail        |    14 |       ||    14
       Plate armour      |    12 |    86 ||    98
Dodge: Dodged            |    16 |    33 ||    49
Block: Buckler           |     4 |    17 ||    21

Table legend:
 A = Non-vault XP
 B = Vault XP
 C = Vault XP percentage of total XP
 D = Non-vault monster count
 E = Vault monster count
 F = Vault count percentage of total count
                 A         B        C        D         E       F
            +---------+---------+-------+---------+---------+-------
      Total |     204 |       0 |   0.0 |      55 |       0 |   0.0
            +---------+---------+-------+---------+---------+-------
        D:1 |      29 |       0 |   0.0 |      18 |       0 |   0.0
        D:2 |      14 |       0 |   0.0 |      10 |       0 |   0.0
        D:3 |      95 |       0 |   0.0 |      14 |       0 |   0.0
        D:4 |      66 |       0 |   0.0 |      13 |       0 |   0.0
            +---------+---------+-------+---------+---------+-------
